Map: El Dorado

Players

情深為誰

  • Race: Protoss Protoss
  • League: Silver
  • Spawn Location: 7:00

llllllllllll - Winner!

  • Race: Zerg Zerg
  • League: Bronze
  • Spawn Location: 5:00

VOD

Have the link to the VOD?

Description

Time

  • Played on: April 24, 2025, 8:08 a.m.
  • Length: 2:34
Show
View Real Time Build Order
Export as new Build Order

情深為誰 Protoss 

Build Orders:  

Get SALT Encoding   

  12  0:01  Probe  
  13  0:19  Pylon  
  13  0:21  Probe  
  14  0:39  Forge  
  14  0:52  Pylon  
  14  0:59  Pylon  
  14  1:23  Photon Cannon  
  14  1:24  Photon Cannon  
  13  1:42  Pylon  
  13  1:47  Pylon  
  3  2:21  Probe  
Show
View Real Time Build Order
Export as new Build Order

llllllllllll Zerg - Winner!

Build Orders: Pool Only 

Get SALT Encoding   

  12  0:17  Spawning Pool  
  11  0:22  Drone  
  11  0:27  Drone  
  13  0:33  Drone  
  14  0:41  Overlord  
  14  1:04  Zergling x4  
  14  1:06  Zergling x2  
  17  1:27  Zergling x4  
  19  1:39  Zergling x2  
  20  1:51  Zergling x2  
Tags
 
Matchup
PvZ
Opening
Pool Only
Replay Pack
kreditionep1
Spawn Locations
Close Positions
Add a new tag
Caveats
  • Supply blocks, unpowered buildings, or Contaminate may cause inaccurate times.
  • Supply counts are checked every 10 seconds.